AoeStats
← Reis

Hill Fort

504837117Analyzed
4v4 RM · 27d ago on Sep 6, 2026· 40m 30s· 8 players
Game mode
Random Map
Map size
Large (8 player)
Population
200
Speed
Normal
Resources
Standard
Victory
Conquest
Starting age
Dark Age
Ending age
Imperial Age
RankedLock teamsTeams togetherTeam positionsShared explorationLock speedFull tech treeHidden civsTurbo modeCheats
Victory
Defeat
🇹🇷 Berbers · Türkiye
1423
+16
🇹🇷 Persians · Türkiye
1422
+15
🇦🇹 Spanish · Austria
1417
+16
🇫🇷 Franks · France
1413
+16
🇩🇪 Jurchens · Germany
1425
-16
🇨🇭 Bulgarians · Switzerland
1416
-16
🇨🇭 Cumans · Switzerland
1416
-16
🇭🇰 Tatars · Hong Kong SAR China
1400
-15
dnlmh
11:00 Feudal Age
14:44 Castle Age
12:55 Double-Bit Axe
13:22 Horse Collar
15:38 Bow Saw
16:32 Heavy Plow
18:14 Loom
19:44 Wheelbarrow
21:03 Gold Mining
22:01 Town Watch
22:23 Fletching
22:55 Stone Mining
24:09 Bodkin Arrow
25:29 Gold Shaft Mining
25:08 Padded Archer Armor
25:48 Ballistics
26:05 Bloodlines
26:44 Leather Archer Armor
26:43 Treadmill Crane
28:16 Husbandry
28:32 Hand Cart
34:10 Imperial Age
33:30 Masonry
35:05 Bracer
34:32 Heavy Cavalry Archer
35:56 Crop Rotation
35:49 Conscription
37:48 Chemistry
37:24 Ring Archer Armor
40:05 Squires
Reis
10:08 Feudal Age
17:30 Castle Age
16:16 Loom
17:26 Scale Barding Armor
18:42 Forging
22:41 Fletching
23:58 Bodkin Arrow
M*rpheu$
12:01 Feudal Age
16:12 Castle Age
14:25 Horse Collar
15:26 Loom
17:13 Double-Bit Axe
17:32 Heavy Plow
18:30 Bow Saw
25:31 Wheelbarrow
25:46 Gold Mining
28:01 Town Watch
29:31 Bloodlines
29:21 Husbandry
31:02 Scale Barding Armor
31:07 Forging
31:48 Chain Barding Armor
35:27 Imperial Age
34:16 Iron Casting
36:26 Hand Cart
35:35 Elite Steppe Lancer
36:49 Conscription
38:23 Plate Barding Armor
38:48 Blast Furnace
37:40 Fletching
37:50 Padded Archer Armor
ChickenHunter
9:10 Feudal Age
10:04 Double-Bit Axe
10:35 Horse Collar
12:27 Loom
15:49 Wheelbarrow
22:00 Castle Age
19:46 Town Watch
21:01 Scale Barding Armor
21:06 Forging
22:13 Gold Mining
22:36 Bloodlines
23:02 Bow Saw
22:56 Heavy Plow
23:49 Hand Cart
24:21 Iron Casting
27:28 Gold Shaft Mining
27:57 Chain Barding Armor
34:13 Imperial Age
32:55 Light Cavalry
34:49 Cavalier
34:56 Hussar
36:16 Plate Barding Armor
36:41 Blast Furnace
35:44 Scale Mail Armor
35:42 Stone Mining
36:25 Crop Rotation
36:56 Two-Man Saw
36:54 Pikeman
37:35 Squires
37:21 Arson
38:24 Chain Mail Armor
37:39 Halberdier
38:20 Squires
38:05 Arson
37:47 Capped Ram
TİNER
10:58 Feudal Age
12:47 Loom
15:47 Castle Age
14:15 Double-Bit Axe
14:38 Horse Collar
17:22 Bow Saw
18:42 Gold Mining
18:57 Heavy Plow
20:10 Fletching
22:41 Padded Archer Armor
23:31 Wheelbarrow
24:53 Bodkin Arrow
28:17 Town Watch
32:12 Hand Cart
35:59 Gold Shaft Mining
41:11 Imperial Age
40:01 Stone Mining
41:13 Thumb Ring
IRON MIKE
10:29 Feudal Age
15:55 Castle Age
14:14 Double-Bit Axe
15:05 Stone Mining
15:10 Gold Mining
15:52 Horse Collar
23:32 Bow Saw
23:29 Heavy Plow
26:43 Bloodlines
26:33 Husbandry
26:39 Padded Archer Armor
27:54 Wheelbarrow
27:05 Loom
31:27 Imperial Age
31:48 Elite Conquistador
32:45 Leather Archer Armor
33:45 Conscription
34:57 Ring Archer Armor
37:43 Hoardings
37:33 Fletching
38:58 Hand Cart
40:58 Chemistry
40:18 Ballistics
N4Th-.-
8:22 Loom
10:32 Feudal Age
11:52 Loom
15:02 Castle Age
13:20 Double-Bit Axe
17:43 Bow Saw
22:41 Wheelbarrow
22:44 Scale Barding Armor
25:16 Hand Cart
25:42 Scale Barding Armor
25:49 Forging
28:41 Imperial Age
27:13 Chain Barding Armor
26:56 Gold Mining
27:53 Iron Casting
28:07 Husbandry
29:38 Gold Shaft Mining
29:05 Stone Mining
28:59 Cavalier
30:26 Fletching
30:37 Scale Mail Armor
31:34 Plate Barding Armor
32:17 Blast Furnace
34:19 Paladin
36:29 Conscription
mRt_Khan
10:28 Feudal Age
14:46 Castle Age
12:56 Double-Bit Axe
14:48 Bloodlines
14:44 Scale Barding Armor
17:14 Horse Collar
18:14 Bow Saw
18:02 Horse Collar
19:50 Wheelbarrow
25:21 Hand Cart
26:18 Loom
28:17 Husbandry
28:49 Forging
31:12 Imperial Age
29:19 Gold Mining
29:19 Town Watch
30:14 Chain Barding Armor
31:29 Iron Casting
31:39 Gold Shaft Mining
30:57 Stone Mining
31:00 Cavalier
32:16 Plate Barding Armor
31:46 Heavy Plow
31:27 Heavy Camel Rider
32:35 Savar
34:49 Fletching
36:00 Blast Furnace
37:03 Two-Man Saw
38:19 Stone Shaft Mining
38:40 Bodkin Arrow
38:59 Masonry
39:13 Guilds
40:03 Caravan
39:35 Capped Ram
Connection lost

Rejoining the realm…

Still unreachable

The connection could not be restored.

Session expired

The server has moved on; the page needs a fresh start.